 Dungeon Crawl Stone Soup version 0.25.1-2-g60ff931df9 (webtiles) character file.

Game seed: 14911518489455099172

2187 DearestLeader the Covered (level 9, -10/67 (69) HPs)
             Began as a Demonspawn Gladiator on Oct 10, 2020.
             Was a Follower of Qazlal.
             Killed from afar by a gargoyle (13 damage)
             ... with a stone arrow
             ... on level 7 of the Dungeon.
             The game lasted 00:18:48 (8804 turns).

DearestLeader the Covered (Demonspawn Gladiator)    Turns: 8804, Time: 00:18:48

HP:   -10/67 (69)   AC: 17    Str: 25    XL:     9   Next: 11%
MP:   9/9           EV: 10    Int: 14    God:    Qazlal [*.....]
Gold: 281           SH:  2    Dex: 15    Spells: 8/8 levels left

rFire    x . .     SeeInvis .   h - +2 hand axe (freeze)
rCold    + + .     Gourm    .   (no shield)
rNeg     + . .     Faith    .   G - +0 plate armour
rPois    .         Spirit   .   c - +0 helmet
rElec    .         Reflect  .   w - +0 cloak {MR+}
rCorr    .         Harm     .   (no gloves)
MR       +....                  g - +0 pair of boots
Stlth    ..........             (no amulet)
HPRegen  0.21/turn              p - ring "Bogh" {Ice rN+ Str+2 Int+4}
MPRegen  0.11/turn              r - +6 ring of strength

@: silence
A: claws 2, cold resistance 1, nightstalker 1
a: Renounce Religion


You were on level 7 of the Dungeon.
You worshipped Qazlal.
Qazlal was aware of your devotion.
You were hungry.

You visited 2 branches of the dungeon, and saw 8 of its levels.

You collected 401 gold pieces.
You spent 120 gold pieces at shops.

Inventory:

Hand Weapons
 h - a +2 hand axe of freezing (weapon)
 H - a +1 hand axe of venom
Missiles
 d - 3 throwing nets
 y - 19 poisoned darts (quivered)
Armour
 c - a +0 helmet (worn)
 g - a +0 pair of boots (worn)
 w - a +0 cloak of magic resistance (worn)
 G - a +0 plate armour (worn)
Jewellery
 b - an uncursed amulet of guardian spirit {unknown}
 p - the ring "Bogh" (left claw) {Ice rN+ Str+2 Int+4}
   (You found it on level 4 of the Dungeon)

   [ring of ice]

   It enhances your ice magic.
   It affects your strength (+2).
   It affects your intelligence (+4).
   It makes you vulnerable to fire.
   It protects you from cold.
   It protects you from negative energy.
 r - a +6 ring of strength (right claw)
Wands
 u - a wand of iceblast (5)
 z - a wand of acid (8)
Scrolls
 e - a scroll of enchant armour {unknown}
 i - a scroll of holy word {unknown}
 k - a scroll of enchant weapon
 l - a scroll of magic mapping {unknown}
 m - 2 scrolls of amnesia
 o - 3 scrolls of remove curse
 t - 2 scrolls of teleportation {unknown}
 v - 2 scrolls of silence
 A - 3 scrolls of identify
 D - a scroll of fear
Potions
 a - 3 potions of curing
 j - a potion of magic
 n - a potion of flight
 q - a potion of invisibility {unknown}
 s - a potion of mutation
 x - a potion of stabbing
 B - a potion of haste
 C - 2 potions of heal wounds
 F - a potion of might {unknown}
Comestibles
 f - 8 rations
 E - 2 chunks of flesh


   Skills:
 - Level 6.3 Fighting
 * Level 1.0(2.0) Axes
   Level 2.6(2.8) Polearms
 - Level 1.7 Throwing
 + Level 7.6 Armour
 - Level 6.1 Dodging
 + Level 1.0 Invocations


You had 8 spell levels left.
You didn't know any spells.
Your spell library contained the following spells:

 Spells                   Type           Power        Failure   Level  Hunger
 Animate Skeleton         Necr           N/A          98%         1    ##.....
 Apportation              Tloc           #.....       98%         1    ##.....
 Corona                   Hex            #......      98%         1    ##.....
 Summon Small Mammal      Summ           #...         98%         1    ##.....


Dungeon Overview and Level Annotations

Branches:
Dungeon (7/15)             Temple (1/1) D:4

Altars:
Cheibriados
Elyvilon
Fedhas
Kikubaaqudgha
Makhleb
Nemelex Xobeh
Okawaru
Qazlal
Ru
Sif Muna
Trog
Yredelemnul
Lugonu

Shops:
D:6 !}

Annotations:
D:5 1 runed translucent door, admiralandromeda's ghost, novice OpCj


Innate Abilities, Weirdness & Mutations

You have very sharp fingernails.
Your flesh is cold resistant. (rC+)
You are slightly more attuned to the shadows.


Message History

The gargoyle hurls a stone arrow at you.
The stone arrow hits you but does no damage.
You close the door.
A gargoyle opens the door.
The gargoyle hurls a stone arrow at you.
The stone arrow misses you.
There is an open door here.
As you read the scroll labeled CURPHI TAF SAL, it crumbles to dust.
You feel blessed for a moment.
It was a scroll of remove curse.
As you read the scroll labeled ZEMONIMOMU, it crumbles to dust.
A profound silence engulfs you.
It was a scroll of silence.
You are feeling hungry.
Okay, then.
The gargoyle hits you but does no damage.
The gargoyle hurls a stone arrow at you.
The stone arrow hits you!
* * * LOW HITPOINT WARNING * * *
The gargoyle hurls a stone arrow at you.
The stone arrow hits you!
You die...

######## .. #. #......#
+. #......# #. #......#
## #......#...# .##.
#......#...# ....
#..○...#...# ....
#..9...#... ##.
##@#####..########.
#.....##..##....##.
#.....##9.##.......
#.....'.........###
#.....#...##....##.
#############..##....##.
#....#....###..##.......
#....#....#.....#....###
#..).#....#.....#....##.


You could see a gargoyle.

Vanquished Creatures
  2 orc warriors
  2 sky beasts
  A necrophage (D:6)
  A phantom (D:7)
  5 ogres
  4 centaurs (D:6)
  A bullfrog (D:7)
  A scorpion (D:7)
  A howler monkey (D:7)
  2 crimson imps
  A hound (D:7)
  4 orc priests
  A centaur skeleton (D:5)
  Crazy Yiuf (D:5)
  5 orc wizards
  A worker ant (D:6)
  A hound skeleton (D:6)
  Robin (D:3)
  8 gnolls
  A howler monkey skeleton (D:7)
  6 adders
  4 shadow imps
  An ooze (D:6)
  An adder zombie (D:6)
  2 worms
  An adder skeleton (D:7)
  A dart slug (D:3)
  5 leopard geckos
  14 orcs
  3 ball pythons
  4 giant cockroaches
  18 goblins
  15 hobgoblins
  5 jackals
  2 quokkas
  A ball python skeleton (D:4)
  10 bats
  2 frilled lizards (D:1)
  2 jackal skeletons
  7 kobolds
  9 rats
157 creatures vanquished.

Notes
Turn   | Place    | Note
-------+----------+-------------------------------------------
     0 | D:1      | DearestLeader the Demonspawn Gladiator began the quest for
                  | the Orb.
     0 | D:1      | Reached XP level 1. HP: 16/16 MP: 1/1
    47 | D:1      | Gained mutation: You are slightly more attuned to the
                  | shadows. [demonic ancestry]
    47 | D:1      | Reached XP level 2. HP: 10/23 MP: 2/2
   768 | D:2      | Reached skill level 1 in Armour
  1021 | D:2      | Reached XP level 3. HP: 28/28 MP: 3/3
  1056 | D:2      | Found a white marble altar of Elyvilon.
  1857 | D:3      | Noticed an ice beast
  2225 | D:4      | Got a steaming glass ring
  2226 | D:4      | Identified the ring "Bogh" {Ice rN+ Str+2 Int+4} (You found
                  | it on level 4 of the Dungeon)
  2284 | D:4      | Reached XP level 4. HP: 34/35 MP: 4/4
  2312 | D:3      | Reached skill level 2 in Armour
  2894 | D:3      | Found a bloodstained altar of Trog.
  2905 | D:3      | Found an iron altar of Okawaru.
  3123 | D:3      | Noticed Robin
  3162 | D:3      | Killed Robin
  3162 | D:3      | Gained mutation: You have sharp fingernails. [demonic
                  | ancestry]
  3162 | D:3      | Reached XP level 5. HP: 16/41 MP: 5/5
  3571 | D:4      | Found a staircase to the Ecumenical Temple.
  3614 | D:4      | Reached skill level 3 in Armour
  3646 | Temple   | Entered the Ecumenical Temple
  3660 | Temple   | Became a worshipper of Qazlal Stormbringer
  3973 | D:4      | Gained mutation: Your flesh is cold resistant. (rC+)
                  | [demonic ancestry]
  3973 | D:4      | Reached XP level 6. HP: 32/48 MP: 6/6
  4092 | D:4      | Noticed an orc warrior
  4138 | D:4      | Killed an orc warrior
  4195 | D:4      | HP: 2/48 [orc/+0 flail (4)]
  4485 | D:4      | Reached skill level 4 in Armour
  4704 | D:4      | Found a blossoming altar of Fedhas.
  4704 | D:4      | Found an ancient bone altar of Kikubaaqudgha.
  5079 | D:4      | Found a burning altar of Makhleb.
  5179 | D:5      | Entered Level 5 of the Dungeon
  5338 | D:5      | Reached XP level 7. HP: 50/54 MP: 7/7
  5449 | D:5      | Found a sparkling altar of Nemelex Xobeh.
  5664 | D:5      | Found a runed translucent door.
  5873 | D:5      | Reached skill level 5 in Armour
  6026 | D:5      | Found a runed translucent door.
  6029 | D:5      | Noticed Crazy Yiuf
  6037 | D:5      | Killed Crazy Yiuf
  6339 | D:5      | Noticed admiralandromeda's ghost (novice OpCj)
  6360 | D:6      | Reached * piety under Qazlal
  6376 | D:6      | Found a sacrificial altar of Ru.
  6392 | D:6      | Reached skill level 5 in Fighting
  6392 | D:6      | Reached skill level 5 in Dodging
  6401 | D:6      | Gained mutation: You have very sharp fingernails. [demonic
                  | ancestry]
  6401 | D:6      | Reached XP level 8. HP: 59/62 MP: 8/8
  6473 | D:6      | Found Qicralys's Gadget Boutique.
  6560 | D:6      | Found Uzoyts's Distillery.
  6566 | D:6      | Bought a potion of heal wounds for 60 gold pieces
  6566 | D:6      | Bought a potion of heal wounds for 60 gold pieces
  6773 | D:6      | Reached skill level 6 in Armour
  7708 | D:6      | Reached skill level 7 in Armour
  8334 | D:7      | Reached XP level 9. HP: 53/67 MP: 9/9
  8635 | D:7      | Reached skill level 1 in Axes
  8635 | D:7      | Reached skill level 1 in Invocations
  8767 | D:7      | Noticed a gargoyle
  8802 | D:7      | HP: 3/67 [gargoyle/stone arrow (15)]
  8804 | D:7      | Killed from afar by a gargoyle

Illustrated notes

Levels and vault maps discovered:
D:1:      minmay_arrival_plants_in_alcoves, layout_rooms
D:2:      layout_basic, elyvilon_altar_4, minmay_tetromino_s2
D:3:      kennysheep_goblin_castle, layout_loops_ring,
          amethyst_overflow_temple_binary, roderic_cross_of_infinity
D:4:      layout_loops_cross, grunt_temple_overflow_growth_and_decay,
          lemuel_round_altar, minmay_temple_entry_sparse_star, first_ration,
          saegor_snake_ambush
D:5:      layout_basic, old_standard_altar, ebering_ghost_reflecting_pool,
          uniq_crazy_yiuf_cottage
D:6:      layout_basic, nicolae_ru_sacrificial_ziggurat, serial_shops, shop,
          shop, minmay_misc_feat_columns
D:7:      layout_gridville, uniq_maggie
Temple:   corrupted_temple

Skill      XL: |  1  2  3  4  5  6  7  8  9 |
---------------+----------------------------+-----
Dodging        | 3 4 5 6 |  6.1
Armour         | 1 2 3 4 5 7 |  7.6
Fighting       | 3 4 5 6 |  6.3
Axes           | 1 |  1.0
Invocations    | 1 |  1.0
Polearms       | |  2.6
Throwing       | |  1.7

Action                   |  1- 3 |  4- 6 |  7- 9 || total
-------------------------+-------+-------+-------++-------
Melee: Trident           |   102 |       |       ||   102
       Dagger            |    99 |   233 |   273 ||   605
       Hand axe          |       |       |    52 ||    52
  Use: Scroll            |     2 |     4 |     4 ||    10
       Potion            |       |     2 |       ||     2
  Eat: Chunk             |     5 |     8 |     9 ||    22
       Ration            |       |       |     1 ||     1
Armor: Leather armour    |    12 |       |       ||    12
       Chain mail        |   117 |   179 |    79 ||   375
       Plate armour      |       |       |    42 ||    42
Dodge: Dodged            |   107 |   164 |   157 ||   428
Block: Other             |       |       |    10 ||    10
